AoeStats
← DK3175

Arena

510451485Analyzed
4v4 RM · 1d ago on Oct 1, 2026· 53m 38s· 8 players
Game mode
Random Map
Map size
Large (8 player)
Population
200
Speed
Normal
Resources
Standard
Victory
Conquest
Starting age
Dark Age
Ending age
Imperial Age
RankedLock teamsTeams togetherTeam positionsShared explorationLock speedFull tech treeHidden civsTurbo modeCheats
Victory
Defeat
🇨🇳 Franks · China
817
+9
🇹🇷 Gurjaras · Türkiye
749
+11
🇳🇿 Persians · New Zealand
725
+12
🇨🇷 Goths · Costa Rica
690
+14
🇷🇺 Khmer · Russia
809
-18
🇺🇸 Franks · United States
610
-10
🇺🇸 Maya · United States
603
-10
🇵🇪 Vietnamese · Peru
542
-8
DK3175
11:55 Feudal Age
17:22 Castle Age
15:37 Double-Bit Axe
23:12 Horse Collar
24:20 Heavy Plow
26:57 Wheelbarrow
27:05 Bloodlines
29:24 Hand Cart
29:32 Forging
30:18 Scale Barding Armor
30:55 Iron Casting
31:20 Chain Barding Armor
34:28 Imperial Age
35:26 Conscription
35:06 Elite War Elephant
37:08 Blast Furnace
38:52 Plate Barding Armor
40:59 Cavalier
46:56 Husbandry
47:32 Savar
massanka21
9:03 Loom
13:15 Feudal Age
15:28 Double-Bit Axe
16:22 Wheelbarrow
15:32 Horse Collar
15:45 Stone Mining
15:54 Gold Mining
20:31 Castle Age
18:52 Fletching
21:43 Bow Saw
23:02 Kshatriyas
24:56 Bodkin Arrow
26:38 Masonry
26:21 Treadmill Crane
28:17 Heavy Plow
28:41 Murder Holes
29:33 Forging
30:56 Ballistics
33:10 Hand Cart
34:55 Gold Shaft Mining
36:20 Iron Casting
35:47 Scale Mail Armor
35:53 Scale Barding Armor
39:11 Stone Shaft Mining
39:31 Chain Mail Armor
39:37 Chain Barding Armor
43:18 Imperial Age
41:09 Caravan
41:49 Padded Archer Armor
42:51 Leather Archer Armor
42:50 Thumb Ring
43:14 Elite Skirmisher
43:23 Elite Elephant Archer
44:55 Crop Rotation
45:11 Bracer
45:48 Plate Barding Armor
47:34 Conscription
47:44 Frontier Guards
48:40 Architecture
49:11 Chemistry
50:23 Siege Elephant
Bobuster
0:27 Loom
13:08 Feudal Age
17:25 Castle Age
16:05 Wheelbarrow
17:42 Double-Bit Axe
17:41 Horse Collar
28:09 Bow Saw
32:25 Heavy Plow
32:20 Town Watch
32:50 Hand Cart
32:54 Scale Mail Armor
33:06 Forging
33:18 Ballistics
33:09 Masonry
35:56 Chain Mail Armor
36:16 Iron Casting
35:07 Pikeman
36:05 Squires
36:50 Anarchy
37:12 Treadmill Crane
41:37 Imperial Age
42:22 Perfusion
45:58 Blast Furnace
44:51 Fletching
44:36 Man-at-Arms
48:17 Bodkin Arrow
48:23 Padded Archer Armor
50:15 Bracer
50:30 Leather Archer Armor
51:18 Chemistry
50:49 Architecture
50:15 Murder Holes
53:49 Guilds
53:39 Caravan
1120693432
9:23 Loom
12:35 Feudal Age
18:43 Castle Age
24:47 Double-Bit Axe
28:34 Gold Mining
29:17 Bow Saw
30:34 Stone Mining
32:12 Gold Shaft Mining
35:58 Forging
35:54 Scale Barding Armor
36:42 Husbandry
38:29 Fortified Wall
41:56 Imperial Age
41:10 Iron Casting
40:55 Chain Barding Armor
40:48 Husbandry
41:46 Wheelbarrow
40:56 Town Watch
42:08 Cavalier
46:16 Hand Cart
46:02 Town Patrol
46:29 Paladin
49:23 Blast Furnace
48:58 Plate Barding Armor
47:54 Ordonnance Companies
Northstar2
7:58 Loom
10:52 Feudal Age
12:41 Double-Bit Axe
15:18 Wheelbarrow
19:02 Castle Age
21:31 Bow Saw
27:00 Pikeman
27:47 Scale Mail Armor
27:57 Forging
31:17 Loom
35:16 Hand Cart
36:55 Squires
36:41 Arson
41:26 Imperial Age
43:10 Halberdier
43:33 Halberdier
45:41 Hoardings
47:01 Light Cavalry
49:38 Conscription
Dr_foul
12:02 Feudal Age
13:27 Double-Bit Axe
15:18 Wheelbarrow
14:26 Horse Collar
17:18 Forging
24:00 Castle Age
22:38 Fletching
22:50 Stone Mining
23:35 Padded Archer Armor
26:45 Bodkin Arrow
26:37 Pikeman
28:30 Murder Holes
36:03 Stone Shaft Mining
36:08 Leather Archer Armor
38:51 Imperial Age
37:58 Treadmill Crane
38:43 Hand Cart
40:08 Halberdier
42:14 Squires
43:57 Conscription
45:13 Chemistry
Althair
11:31 Feudal Age
12:00 Double-Bit Axe
11:57 Horse Collar
13:34 Wheelbarrow
13:46 Gold Mining
21:02 Castle Age
19:51 Man-at-Arms
20:17 Arson
22:19 Bow Saw
22:13 Heavy Plow
25:49 Hand Cart
26:32 Fletching
26:48 Padded Archer Armor
27:00 Town Watch
27:33 Crossbowman
28:21 Thumb Ring
29:25 Town Patrol
34:14 Imperial Age
32:31 Ballistics
33:54 Stone Mining
36:15 Two-Man Saw
37:26 Arbalester
43:51 Paper Money
45:12 Heavy Cavalry Archer
46:25 Caravan
47:32 Bodkin Arrow
shprot
11:28 Feudal Age
11:42 Loom
15:28 Castle Age
14:23 Horse Collar
14:30 Double-Bit Axe
19:03 Scale Barding Armor
22:09 Forging
26:11 Husbandry
26:21 Bloodlines
29:28 Scale Mail Armor
29:45 Man-at-Arms
30:11 Arson
30:51 Long Swordsman
46:24 Pikeman
46:45 Pikeman
Connection lost

Rejoining the realm…

Still unreachable

The connection could not be restored.

Session expired

The server has moved on; the page needs a fresh start.